 Dungeon Crawl Stone Soup version 0.19-a0-1672-g679cadd (webtiles) character file.

6380 kae the Basher (level 11, -13/75 HPs)
             Began as a Formicid Fighter on Sept 22, 2016.
             Was a Believer of Makhleb.
             Mangled by a deep troll earth mage (18 damage)
             ... on level 9 of the Dungeon.
             The game lasted 00:09:39 (9006 turns).

kae the Basher (Formicid Fighter)                   Turns: 9006, Time: 00:09:40

Health: -13/75     AC: 14    Str: 24    XL:     11   Next: 17%
Magic:  11/11      EV: 10    Int: 10    God:    Makhleb [**....]
Gold:   549        SH: 12    Dex: 10    Spells: 0 memorised, 10 levels left

rFire  . . .     SeeInvis +     t - +3 mace (venom)
rCold  . . .     Gourm    .     b - +0 scale mail
rNeg   . . .     Faith    .     c - +0 shield
rPois  .         Spirit   .     (helmet unavailable)
rElec  .         Dismiss  .     (no cloak)
rCorr  .         Reflect  .     I - +0 pair of gloves
MR     +....     Harm     .     (no boots)
Stlth  ..........               (no amulet)
                                y - +4 ring of protection
                                x - +2 ring of intelligence

@: no status effects
A: permanent stasis, dig shafts and tunnels, four strong arms, antennae 3
a: Dig, Shaft Self, Minor Destruction, Renounce Religion


You were on level 9 of the Dungeon.
You worshipped Makhleb.
Makhleb was pleased with you.
You were not hungry.

You visited 2 branches of the dungeon, and saw 10 of its levels.

You collected 549 gold pieces.

Inventory:

Hand Weapons
 a - a +0 flail
 t - a +3 mace of venom (weapon)
Armour
 b - a +0 scale mail (worn)
 c - a +0 shield (worn)
 I - a +0 pair of gloves (worn)
Jewellery
 x - a +2 ring of intelligence (left hand)
 y - a +4 ring of protection (right hand)
 z - an uncursed ring of fire
 B - an uncursed amulet of guardian spirit {unknown}
Wands
 i - a wand of polymorph (7/24)
 j - a wand of slowing (26/48)
 E - a wand of slowing (10/48)
 G - a wand of paralysis (15/24)
 H - a wand of iceblast (12/15)
 K - a wand of flame (18/48)
 N - a wand of disintegration (10/24)
Scrolls
 g - a scroll of magic mapping
 p - 7 scrolls of identify
 q - 2 scrolls of recharging
 u - 4 scrolls of remove curse
 D - a scroll of enchant armour {unknown}
 F - 2 scrolls of fog {unknown}
 O - a scroll of immolation {unknown}
Potions
 d - 2 potions of might
 e - a potion of degeneration
 h - a potion of brilliance {unknown}
 o - a potion of magic {unknown}
 r - 2 potions of curing {unknown}
 s - a potion of berserk rage {unknown}
 w - 2 potions of haste {unknown}
 A - a potion of agility {unknown}
 J - a potion of mutation {unknown}
 L - a potion of flight {unknown}
 M - a potion of invisibility {unknown}
 Q - a potion of ambrosia {unknown}
Books
 v - a book of Annihilations

   Spells                             Type                      Level
   a - Poison Arrow                   Conjuration/Poison           6
   b - Chain Lightning                Conjuration/Air              8
   c - Lehudib's Crystal Spear        Conjuration/Earth            8
   d - Glaciate                       Conjuration/Ice              9
   e - Fire Storm                     Conjuration/Fire             9
Comestibles
 f - 8 bread rations
 m - 7 meat rations
 n - 15 fruits
 C - a beef jerky


   Skills:
 - Level 3.2 Fighting
 * Level 11.6 Maces & Flails
 + Level 9.6 Armour
 + Level 10.1 Shields


You had 10 spell levels left.
You didn't know any spells.

Dungeon Overview and Level Annotations

Branches:
Dungeon (9/15)             Temple (1/1) D:4
   Lair: D:8-11         Orc: D:9-12

Altars:
Ashenzari
Cheibriados
Dithmenos
Elyvilon
Fedhas
Gozag
Hepliaklqana
Kikubaaqudgha
Makhleb
Nemelex Xobeh
Okawaru
Qazlal
Ru
Sif Muna
Trog
Uskayaw
Vehumet
Xom
Yredelemnul
Zin
The Shining One


Innate Abilities, Weirdness & Mutations

You are under a permanent stasis effect.
You can dig through walls and to a lower floor.
Your four strong arms can wield two-handed weapons with a shield.
You have a pair of large antennae on your head. (SInv)


Message History

You thump the deep troll earth mage!
The deep troll earth mage looks as sick as possible!
The deep troll earth mage is almost dead.
The deep troll earth mage bites you but does no damage.
The deep troll earth mage claws you.
* * * LOW HITPOINT WARNING * * *
The deep troll earth mage claws you but does no damage.
Unknown command.
Unknown command.
You hit the deep troll earth mage but do no damage.
The deep troll earth mage looks as sick as possible!
The deep troll earth mage is almost dead.
Unknown command.
Unknown command.
Unknown command.
Unknown command.
You barely miss the deep troll earth mage.
The deep troll earth mage is almost dead.
The deep troll earth mage bites you!!
You die...

# #...#......#................. #
#...#......#.................
#####...#......#................#
........#......#................#
........######'#.......###......#
#####..................#.#......#
#..................#.###....#
#..................#.#.#....#
#...........@##...##.#.#....#
#####.........###T#...#.#)#.#...#
..............#..####.#.#.###...#
............#####T..# #.#.#.....#
#...........#....#### #.###......
#...........##### #|#........
#...............#############....
#...................#}#|....#####
#.................###.######....#


You could see a deep troll earth mage.

Vanquished Creatures
  The ghost of Tux the Fighter, a novice NaFi of Cheibriados (D:8)
  A deep troll earth mage (D:9)
  A hill giant (D:9)
  A deep elf archer (D:9)
  An orc knight (D:9)
  The ghost of Tux the Chopper, an amateur HOMo of Beogh (D:4)
  Sigmund (D:5)
  4 yaks (D:9)
  Eustachio (D:6)
  An ice beast (D:6)
  2 orc warriors
  A sky beast (D:7)
  A phantom (D:7)
  2 centaurs
  2 ogres
  2 big kobolds
  5 bullfrogs
  4 scorpions
  A howler monkey (D:3)
  2 crimson imps (D:7)
  A quasit (D:8)
  A jelly (D:8)
  4 orc priests
  A centaur skeleton (D:5)
  3 hounds
  9 orc wizards
  A bullfrog skeleton (D:9)
  2 iguanas
  8 worker ants
  3 gnolls (D:4)
  11 adders
  An ooze (D:1)
  An adder zombie (D:8)
  A dart slug (D:5)
  4 leopard geckos
  21 orcs
  A ball python (D:4)
  8 bats
  3 giant cockroaches
  4 goblins (D:1)
  4 hobgoblins (D:1)
  3 jackals (D:6)
  4 quokkas
  9 frilled lizards
  14 kobolds
  5 rats
162 creatures vanquished.

Notes
Turn   | Place    | Note
-------+----------+-------------------------------------------
     0 | D:1      | kae the Formicid Fighter began the quest for the Orb.
     0 | D:1      | Reached XP level 1. HP: 18/18 MP: 1/1
   233 | D:1      | Reached XP level 2. HP: 24/24 MP: 2/2
   322 | D:1      | Reached XP level 3. HP: 20/29 MP: 3/3
   538 | D:1      | You fall through a shaft!
   581 | D:2      | Reached skill level 3 in Maces & Flails
   717 | D:2      | Reached XP level 4. HP: 15/35 MP: 4/4
  1644 | D:3      | Reached XP level 5. HP: 29/41 MP: 5/5
  1646 | D:3      | Reached skill level 4 in Maces & Flails
  1758 | D:3      | Reached XP level 6. HP: 45/47 MP: 6/6
  2001 | D:3      | Reached skill level 5 in Shields
  2711 | D:4      | Found a staircase to the Ecumenical Temple.
  2745 | D:4      | Noticed Tux's ghost (amateur HOMo)
  2881 | D:4      | Reached skill level 5 in Maces & Flails
  2922 | Temple   | Entered the Ecumenical Temple
  3026 | Temple   | Became a worshipper of Makhleb the Destroyer
  3093 | D:4      | Killed Tux's ghost
  3093 | D:4      | Reached skill level 5 in Armour
  3093 | D:4      | Reached XP level 7. HP: 41/52 MP: 7/7
  3354 | D:4      | Reached skill level 6 in Maces & Flails
  3481 | D:5      | Entered Level 5 of the Dungeon
  3555 | D:5      | Reached XP level 8. HP: 49/58 MP: 8/8
  3639 | D:5      | Noticed Sigmund
  3649 | D:5      | Killed Sigmund
  3983 | D:5      | Reached skill level 7 in Maces & Flails
  4434 | D:6      | Noticed Eustachio
  4452 | D:6      | Killed Eustachio
  4452 | D:6      | Reached * piety under Makhleb
  4708 | D:6      | Found a glowing silver altar of Zin.
  4901 | D:6      | Reached XP level 9. HP: 64/64 MP: 9/9
  5493 | D:6      | Reached skill level 8 in Maces & Flails
  6202 | D:8      | Reached skill level 9 in Maces & Flails
  7025 | D:8      | Noticed Tux's ghost (novice NaFi)
  7466 | D:8      | Killed Tux's ghost
  7466 | D:8      | Reached skill level 10 in Maces & Flails
  7466 | D:8      | Reached XP level 10. HP: 45/70 MP: 10/10
  7868 | D:9      | Reached ** piety under Makhleb
  8172 | D:9      | Noticed an orc knight
  8190 | D:9      | Killed an orc knight
  8392 | D:9      | Noticed a hill giant
  8402 | D:9      | Killed a hill giant
  8402 | D:9      | Reached skill level 11 in Maces & Flails
  8417 | D:9      | Noticed a deep elf archer
  8426 | D:9      | Killed a deep elf archer
  8426 | D:9      | Reached XP level 11. HP: 56/75 MP: 11/11
  8552 | D:9      | Noticed a deep troll earth mage
  8575 | D:9      | Killed a deep troll earth mage
  8575 | D:9      | Reached skill level 10 in Shields
  8990 | D:9      | Noticed a deep troll earth mage
  9006 | D:9      | Mangled by a deep troll earth mage

Vault maps used:
D:1:      evilmike_arrival_plus
D:2:      minmay_tree_intersection
D:3:      first_bread, minmay_misc_feat_hallway, grunt_ministairs_2
D:4:      saegor_snake_ambush
D:5:      minmay_misc_feat_rows, uniq_sigmund
D:6:      basic_altar, uniq_eustachio
D:9:      minmay_chopped_fan
Temple:   kilobyte_greek_temple

Skill      XL: |  1  2  3  4  5  6  7  8  9 10 11 |
---------------+----------------------------------+-----
Maces & Flails | 3 4 5 6 7 10 11 | 11.6
Shields        | 4 5 7 8 9 10 | 10.1
Armour         | 4 5 6 8 9 |  9.6
Fighting       | |  3.2

Action                   |  1- 3 |  4- 6 |  7- 9 | 10-12 || total
-------------------------+-------+-------+-------+-------++-------
Melee: Flail             |   122 |   167 |       |       ||   289
       Mace              |       |    32 |   305 |   168 ||   505
  Use: Potion            |       |     2 |     3 |     4 ||     9
       Scroll            |       |       |    11 |       ||    11
  Eat: Chunk             |       |     7 |    14 |     6 ||    27
Armor: Scale mail        |    52 |    85 |    88 |    40 ||   265
       Skin              |       |       |       |    10 ||    10
Dodge: Dodged            |    34 |    47 |    78 |    40 ||   199
Block: Shield            |    62 |   104 |   144 |    78 ||   388
